 Dungeon Crawl Stone Soup version 0.30-a0-883-g5ad918d77d (webtiles) character file.

Game seed: 12688318536867551128

701 hikkokomori the Slasher (level 7, -6/55 HPs)
             Began as a Merfolk Gladiator on Mar 18, 2023.
             Was a Follower of Okawaru.
             Mangled by an orc warrior
             ... wielding a +0 battleaxe
              (17 damage)
             ... on level 5 of the Dungeon.
             The game lasted 00:05:43 (4831 turns).

hikkokomori the Slasher (Merfolk Gladiator)         Turns: 4831, Time: 00:05:43

Health: -6/55      AC:  5    Str: 15    XL:     7   Next: 66%
Magic:  8/8        EV: 13    Int:  7    God:    Okawaru [*.....]
Gold:   231        SH:  0    Dex: 17    Spells: 6/6 levels left

rFire   . . .      SeeInvis .    a - +0 long sword
rCold   . . .      Faith    .    (no shield)
rNeg    . . .      Spirit   .    b - +0 leather armour
rPois   .          Reflect  .    c - +0 helmet
rElec   .          Rampage  .    (no cloak)
rCorr   .                        f - +0 pair of gloves
Will    .....                    (no boots)
Stlth   +++                      (no amulet)
HPRegen 0.29/turn                (no ring)
MPRegen 0.11/turn                (no ring)

@: about to teleport
A: (nimble swimmer 2), mertail
a: Renounce Religion, Heroism


You were on level 5 of the Dungeon.
You worshipped Okawaru.
Okawaru was aware of your devotion.
You visited 2 branches of the dungeon, and saw 6 of its levels.

You collected 231 gold pieces.

Inventory:

Hand Weapons
 a - a +0 long sword (weapon)
Missiles
 d - 3 throwing nets (quivered)
 e - a javelin
Armour
 b - a +0 leather armour (worn)
 c - a +0 helmet (worn)
 f - a +0 pair of gloves (worn)
Jewellery
 m - a ring of protection from cold
 w - a ring of fire
Wands
 v - a wand of acid (6)
Scrolls
 g - 2 scrolls of immolation
 h - a scroll of poison {unknown}
 j - a scroll of teleportation
 p - a scroll of enchant armour {unknown}
 t - a scroll of magic mapping {unknown}
 u - a scroll of noise {unknown}
 x - 2 scrolls of fog {unknown}
 y - 2 scrolls of enchant weapon {unknown}
 A - 2 scrolls of vulnerability {unknown}
 B - a scroll of identify
 C - a scroll of torment {unknown}
Potions
 i - a potion of degeneration {unknown}
 k - a potion of invisibility
 l - 2 potions of brilliance
 n - a potion of magic {unknown}
 o - a potion of ambrosia {unknown}
 q - a potion of resistance
 r - 2 potions of curing
 s - a potion of heal wounds {unknown}
 z - a potion of attraction {unknown}


   Skills:
 + Level 4.8 Fighting
 + Level 7.1 Long Blades
 - Level 2.0 Throwing
 - Level 4.0 Dodging
 + Level 4.4 Stealth
 + Level 1.5 Invocations
 + Level 2.0 Evocations


You had 6 spell levels left.
You didn't know any spells.
Your spell library contained the following spells:

 Spells                   Type           Power      Damage    Failure   Level
 Magic Dart               Conj           0%         1d3       50%         1
 Mephitic Cloud           Conj/Pois/Air  0%         N/A       86%         3
 Call Imp                 Summ           Unusable   N/A       N/A         2

Dungeon Overview and Level Annotations

Branches:
Dungeon (5/15)             Temple (1/1) D:5

Altars:
Ashenzari
Cheibriados
Dithmenos
Fedhas
Gozag
Kikubaaqudgha
Makhleb
Okawaru
Qazlal
Ru
Sif Muna
Trog
Uskayaw
Vehumet
Xom
Yredelemnul
Zin
The Shining One

Annotations:
D:4 2 transporters


Innate Abilities, Weirdness & Mutations

((You are very nimble when in or above water. (Stealth+, EV+, Speed+++)))
Your lower body shifts to a powerful aquatic tail in water.


Message History

There is an open door here.
Aiming: Corrosive Bolt
Press: ? - help, Shift-Dir - straight line, f - orc
Aim: an orc, wielding a +0 club (wandering, hasn't noticed you, 71% to hit)
The bolt of acid hits the orc priest!
The acid corrodes the orc priest!
You kill the orc priest!
Okawaru accepts your kill.
The bolt of acid hits the orc!
You kill the orc!
Okawaru accepts your kill.
You hear a shout!
Your Evocations skill increases to level 2!
The orc wizard closely misses you.
You see here a +0 mace.
You barely miss the orc wizard. The orc warrior misses you.
The orc wizard hits you with a +0 dagger.
There is an open door here.
You see here a +0 club.
You hit the orc wizard.
The orc wizard is lightly wounded.
The orc warrior hits you with a +0 battleaxe!
The orc wizard gestures wildly while chanting.
The orc wizard flickers and vanishes!
Deactivating autopickup; reactivate with Ctrl-A.
You miss something.
The orc warrior hits you with a +0 battleaxe!!
Something hits you.
The orc warrior attacks as you move away!
The orc warrior hits you with a +0 battleaxe!
* * * LOW HITPOINT WARNING * * *
Something hits you.
* * * LOW HITPOINT WARNING * * *
You see here a +0 mace.
As you read the scroll of teleportation, it crumbles to dust.
You feel strangely unstable. The orc warrior completely misses you.
Something hits you but does no damage.
You miss something.
The orc warrior hits you with a +0 battleaxe!
You die...

## .## ..# #.# ##########
#.######## #........########
.........# #........#......#
.........# #.{......#......#
.........# #.o@..##.#......#
.........# #)######.#......#
.........# #.†...##.'......#
.........# #.....##.##'#####
.........# #.....##........#
.##..†..######..).)##........#
###.....##..#########........#
.##.....##..#########........#
.#####'###)..#........>......#


You could see an orc warrior.

Vanquished Creatures
  Edmund (D:5)
  An ogre (D:4)
  4 scorpions
  2 orc priests (D:5)
  A sleepcap (D:4)
  2 iguanas
  An adder (D:2)
  A white imp (D:5)
  An ufetubus (D:5)
  4 worms
  3 dart slugs
  8 orcs
  7 ball pythons
  11 endoplasms
  6 giant cockroaches
  5 goblins
  7 hobgoblins
  2 jackals (D:2)
  4 quokkas
  8 bats
  A frilled lizard (D:1)
  5 kobolds
  10 rats
95 creatures vanquished.

Notes
Turn   | Place    | Note
-------+----------+-------------------------------------------
     0 | D:1      | hikkokomori the Merfolk Gladiator began the quest for the
                  | Orb.
     0 | D:1      | Reached XP level 1. HP: 16/16 MP: 1/1
    96 | D:1      | Reached skill level 4 in Long Blades
    96 | D:1      | Reached XP level 2. HP: 23/23 MP: 2/2
   198 | D:1      | Reached skill level 1 in Stealth
   512 | D:1      | Reached XP level 3. HP: 28/28 MP: 3/3
  1039 | D:2      | Reached XP level 4. HP: 16/34 MP: 4/4
  1252 | D:2      | Reached skill level 5 in Long Blades
  1728 | D:3      | Found a faded altar of an unknown god.
  2003 | D:3      | Found a shimmering blue altar of Sif Muna.
  2432 | D:4      | Reached XP level 5. HP: 36/41 MP: 5/5
  2757 | D:4      | Found a transporter.
  2776 | D:4      | Found a transporter.
  2792 | D:4      | Noticed an ogre
  2838 | D:4      | Reached skill level 6 in Long Blades
  2838 | D:4      | Reached XP level 6. HP: 30/48 MP: 6/6
  3273 | D:4      | Found an opulent altar of Gozag.
  3669 | D:5      | Entered Level 5 of the Dungeon
  3677 | D:5      | Found a staircase to the Ecumenical Temple.
  3693 | Temple   | Entered the Ecumenical Temple
  3698 | Temple   | Became a worshipper of Warmaster Okawaru
  3922 | D:5      | Reached skill level 1 in Evocations
  3922 | D:5      | Reached XP level 7. HP: 42/55 MP: 7/7
  4641 | D:5      | Found a hide-covered altar of Uskayaw.
  4656 | D:5      | Noticed Edmund
  4668 | D:5      | Killed Edmund
  4668 | D:5      | Reached * piety under Okawaru
  4669 | D:5      | Reached skill level 7 in Long Blades
  4669 | D:5      | Reached skill level 1 in Invocations
  4831 | D:5      | Mangled by an orc warrior

Illustrated notes

Levels and vault maps discovered:
D:1:      erik_arrival_orb_chamber, layout_loops_ring, serial_rivers,
          chequers_serial_rivers_small_3, chequers_serial_rivers_micro_b,
          chequers_serial_rivers_micro_b, chequers_serial_rivers_micro_c,
          chequers_serial_rivers_room_a, minmay_misc_feat_enclosed,
          minmay_cut_off
D:2:      layout_rooms
D:3:      layout_loops_corners, lemuel_crystal_altar,
          hellmonk_ecumenical_altar_crossroads
D:4:      gammafunk_steamed_eel, layout_basic, lemuel_tele_altar
D:5:      layout_gridville, nicolae_uskayaw_suspiria, minmay_temple_entry_tees,
          nicolae_nh_ransacked_shop, uniq_edmund
Temple:   hellmonk_temple_of_storms

Skill      XL: |  1  2  3  4  5  6  7 |
---------------+----------------------+-----
Long Blades    | 4 5 6 7 |  7.1
Stealth        | 1 2 3 4 |  4.4
Fighting       | 3 4 |  4.8
Evocations     | 1 2 |  2.0
Invocations    | 1 |  1.5
Throwing       | |  2.0
Dodging        | |  4.0

Action                     |  1- 3 |  4- 6 |  7- 9 || total
---------------------------+-------+-------+-------++-------
  Melee: Long sword        |    86 |   143 |    45 ||   274
         Punch             |       |     2 |     1 ||     3
  Throw: Throwing net      |       |       |     4 ||     4
  Evoke: Wand              |       |     1 |     3 ||     4
    Use: Scroll            |       |     6 |     1 ||     7
   Stab: Sleeping          |     5 |     8 |       ||    13
         Held in net/web   |       |       |     1 ||     1
 Armour: Leather armour    |    21 |    48 |    11 ||    80
  Dodge: Dodged            |    52 |    79 |    21 ||   152

Table legend: (Time is in decaauts)
 A = Elapsed time spent in this place.
 B = Non-inter-level travel time spent in this place.
 C = Inter-level travel time spent in this place.
 D = Time resting spent in this place.
 E = Time spent auto-exploring this place.
 F = Levels seen in this place.
 G = Mean time per level.
                   A        B        C        D        E       F      G
               +--------+--------+--------+--------+--------+-----+--------+
         Total |   4851 |   4701 |    150 |    670 |   3250 |   6 |  808.5 |
       Dungeon |   4687 |   4537 |    150 |    557 |   3227 |   5 |  937.4 |
        Temple |    163 |    163 |      0 |    113 |     23 |   1 |  163.0 |
               +--------+--------+--------+--------+--------+-----+--------+

Top non-repeatable levels by time:
     D:4: 1266 daAuts
     D:5: 1001 daAuts
     D:3: 922 daAuts
     D:1: 884 daAuts
     D:2: 613 daAuts
  Temple: 163 daAuts
